 Dungeon Crawl Stone Soup version 0.31.0-4-g52a2dc7128 (webtiles) character file.

Game seed: 10771809686258062957

7 DemonSlayer the Digger (level 1, 0/13 HPs)
             Began as a Demonspawn Earth Elementalist on Jan 22, 2024.
             Slain by a jackal (3 damage)
             ... on level 1 of the Dungeon.
             The game lasted 00:00:28 (249 turns).

DemonSlayer the Digger (DsEE)                        Turns: 249, Time: 00:00:29

Health: 0/13       AC:  2    Str:  8    XL:     1   Next: 91%
Magic:  0/3        EV: 12    Int: 15    God:
Gold:   21         SH:  0    Dex: 13    Spells: 3/4 levels left

rFire   . . .        c - +0 hand axe
rCold   . . .        (no shield)
rNeg    . . .        a - +0 robe
rPois   .            (no helmet)
rElec   .            (no cloak)
rCorr   .            (no gloves)
SInv    .            (no boots)
Will    .....        (no amulet)
Stlth   ++           (no ring)
HPRegen 0.22/turn    (no ring)
MPRegen 0.08/turn

%: no passive effects
@: no status effects
A: no striking features
a: no special abilities


You were on level 1 of the Dungeon.
You visited 1 branch of the dungeon, and saw 1 of its levels.

You collected 21 gold pieces.

Inventory:

Hand Weapons
 c - a +0 hand axe (weapon)
Armour
 a - a +0 robe (worn)
Potions
 b - a potion of magic


   Skills:
 + Level 2.0 Dodging
 + Level 1.7 Stealth
 + Level 2.0 Spellcasting
 + Level 1.0 Conjurations
 + Level 3.1 Earth Magic


You had 3 spell levels left.
You knew the following spells:

 Your Spells              Type           Power      Damage    Failure   Level
a - Sandblast             Erth           20%        2d7       6%          1

Your spell library contained the following spells:

 Spells                   Type           Power      Damage    Failure   Level
 Passwall                 Erth           10%        N/A       19%         3
 Stone Arrow              Conj/Erth      14%        3d7       28%         3
 Brom's Barrelling Bould  Conj/Erth      7%         2d3       67%         4
 Petrify                  Alch/Erth      6%         N/A       75%         4


Dungeon Overview and Level Annotations

Branches:
Dungeon (1/15)

Altars:


Message History

Found a hand axe.
A jackal comes into view.
Found a faded altar of an unknown god.
A jackal is nearby!
A jackal is nearby! 2 jackals come into view.
You see here a +0 hand axe.
The blast of sand hits the jackal.
You kill the jackal!
You miscast Sandblast.
You are very lightly contaminated with residual magic.
Nothing appears to happen.
The jackal barks! x2
The blast of sand misses the jackal.
The jackal misses you. The jackal closely misses you. x2
You are out of magic!
You are out of magic!
You are out of magic!
You are out of magic!
You barely miss the jackal. The jackal bites you. x2
You hit the jackal but do no damage. The jackal closely misses you.
The jackal misses you. The jackal bites you. x2
You are too injured to fight recklessly!
The jackal attacks as it pursues you! The jackal completely misses you.
You see here a +0 hand axe.
c - a +0 hand axe The jackal bites you.
The jackal barely misses you.
The jackal bites you but does no damage.
Okay, then.
c - a +0 hand axe (weapon)
Your magical contamination has completely faded away.
Setting a skill training target for Axes at 14.0.
You hit the jackal.
The jackal is moderately wounded.
You hit the jackal.
The jackal closely misses you. x2; The jackal bites you. x2
* * * LOW HITPOINT WARNING * * *
You hit the jackal but do no damage.
The jackal is moderately wounded.
You hit the jackal but do no damage. The jackal bites you.
You die...

#.# #.# #.#
###.# #...#
# #.### .#
##.# #.##
#..###...#
#..@h....#
#..8h⌠.8.#
#...........
#..⌠._.⌠.##.
#........#
#..8.⌠.8.#
##.......#
#######.# .#


You could see 2 jackals.

Vanquished Creatures
  2 endoplasms (D:1)
  A giant cockroach (D:1)
  A goblin (D:1)
  A jackal (D:1)
  A frilled lizard (D:1)
6 creatures vanquished.

Notes
Turn   | Place    | Note
-------+----------+-------------------------------------------
     0 | D:1      | DemonSlayer the Demonspawn Earth Elementalist began the
                  | quest for the Orb.
     0 | D:1      | Reached XP level 1. HP: 13/13 MP: 3/3
   143 | D:1      | Reached skill level 3 in Earth Magic
   236 | D:1      | Found a faded altar of an unknown god.
   249 | D:1      | Slain by a jackal

Illustrated notes

Levels and vault maps discovered:
D:1:      reono_arrival_mine, layout_loops_ring,
          hellmonk_ecumenical_altar_dog_temple, chequers_serial_rivers_large_b

Skill      XL: |  1 |
---------------+----+-----
Dodging        | 2 |  2.0
Earth Magic    | 3 |  3.1
Stealth        | |  1.7
Spellcasting   | |  2.0
Conjurations   | |  1.0

Action                     || total
---------------------------++-------
  Melee: Hand axe          ||     2
         Unarmed           ||     2
   Cast: Sandblast         ||     8
 Armour: Robe              ||     9
  Dodge: Dodged            ||     9
